 Dungeon Crawl Stone Soup version 0.19-a0-231-gae044c8 (webtiles) character file.

14851 Lugonue the Protected (level 11, 3/99 HPs)
             Began as a Minotaur Gladiator on May 24, 2016.
             Was a High Priest of Okawaru.
             Quit the game on level 3 of the Abyss.
             The game lasted 00:45:16 (12551 turns).

Lugonue the Protected (Minotaur Gladiator)         Turns: 12551, Time: 00:45:17

Health: 3/99       AC: 24    Str: 22    XL:     11   Next: 94%
Magic:  10/10      EV: 11    Int: 10    God:    Okawaru [*****.]
Gold:   563        SH:  0    Dex: 15    Spells: 0 memorised, 10 levels left

rFire  . . .     SeeInvis +     a - +1 war axe
rCold  . . .     Gourm    .     y - +4 chain mail of Xuduumeh {Int+5 Dex+3}
rNeg   . . .     Faith    .     (no shield)
rPois  .         Spirit   .     c - +0 hat
rElec  .         Dismiss  .     u - +2 cloak {MR+}
rCorr  .         Reflect  .     g - +2 pair of gloves
SustAt .         Harm     .     (no boots)
MR     ++...                    (no amulet)
Stlth  ..........               z - ring of protection from magic
                                G - ring of see invisible

@: very slightly contaminated, very resistant to hostile enchantments, extremely
unstealthy
A: retaliatory headbutt, horns 2
a: Heroism, Finesse, Renounce Religion


You were on level 3 of the Abyss.
You worshipped Okawaru.
Okawaru was extremely pleased with you.
You were not hungry.

You visited 3 branches of the dungeon, and saw 13 of its levels.
You visited the Abyss 1 time.
You also visited: Labyrinth.

You collected 563 gold pieces.

Inventory:

Hand Weapons
 a - a +1 war axe (weapon)
 b - a +3 longbow of evasion
 h - a +0 demon whip
Missiles
 o - 161 arrows
Armour
 c - a +0 hat (worn)
 g - a +2 pair of gloves (worn)
 u - a +2 cloak of magic resistance (worn)
 y - the +4 chain mail of Xuduumeh (worn) {Int+5 Dex+3}
   (You found it on level 6 of the Dungeon)

   It affects your intelligence (+5).
   It affects your dexterity (+3).
Jewellery
 z - a ring of protection from magic (right hand)
 G - a ring of see invisible (left hand)
Wands
 d - a wand of digging (12/24)
 i - a wand of disintegration (11/24)
 A - a wand of confusion (9/48)
 C - a wand of polymorph (10/24)
 D - a wand of lightning (9/15)
 H - a wand of digging (3/24)
 I - a wand of iceblast (10/15)
Scrolls
 e - a scroll of enchant armour
 l - 2 scrolls of enchant weapon
 t - 2 scrolls of identify
 v - 3 scrolls of fog
 w - 2 scrolls of amnesia
 E - a scroll of magic mapping
 F - 3 scrolls of remove curse
 J - a scroll of fear
Potions
 j - 2 potions of flight
 n - 3 potions of curing
 p - 2 potions of haste
 q - a potion of lignification
 r - a potion of resistance
 B - 2 potions of cancellation
Miscellaneous
 x - a stone of tremors
Comestibles
 f - 11 bread rations
 k - 11 fruits
 s - 5 meat rations


   Skills:
 * Level 10.0 Fighting
 * Level 13.7 Axes
 + Level 1.6 Bows
 - Level 2.0 Throwing
 + Level 14.6 Armour
 * Level 5.0 Dodging


You had 10 spell levels left.
You didn't know any spells.

Dungeon Overview and Level Annotations

Branches:
Dungeon (10/15)            Temple (1/1) D:4            Lair (2/8) D:10
    Orc: D:9-12

Altars:
Ashenzari
Cheibriados
Dithmenos
Elyvilon
Fedhas
Gozag
Hepliaklqana
Kikubaaqudgha
Makhleb
Nemelex Xobeh
Okawaru
Pakellas
Qazlal
Ru
Sif Muna
Trog
Vehumet
Xom
Yredelemnul
Zin
The Shining One
Lugonu

Annotations:
D:5 Sl000nik's ghost, novice GrFi
D:8 exclusion: oklob plant


Innate Abilities, Weirdness & Mutations

You reflexively headbutt those who attack you in melee.
You have a pair of horns on your head.


Message History

Read which item? (? for menu, Esc to quit)
Okay, then.
Read which item? (? for menu, Esc to quit)
Blink to where?
Press: ? - help, Dir - move target cursor
As you read the scroll of blinking, it crumbles to dust.
Found a scale mail.
A chaos spawn comes into view.
The chaos spawn shouts in stereo!
Found a gateway leading deeper into the Abyss.
The large abomination closely misses you.
The large abomination hits you.
* * * LOW HITPOINT WARNING * * *
There is a gateway leading deeper into the Abyss, spattered with blood here.
The large abomination hits you!!
* * * LOW HITPOINT WARNING * * *
You plunge deeper into the Abyss.
The abyssal rune of Zot can be found at this depth. 2 tentacled starspawn, a starcursed mass and a wretched star come into view.
Are you sure you want to abandon this character and quit the game? (Confirm with "yes".)

##..# ....
. X..# ..#
...## #...
...# .....
..##
..X...#*.#
#.@#
#.......#
..##...##
.X..#
......
#+#..# ###


You could see a starcursed mass, 2 tentacled starspawn and a wretched star.

Vanquished Creatures
  Erolcha (D:10)
  A large abomination (Abyss:2)
  2 unseen horrors (Lab)
  2 hill giants
  A cyclops (D:10)
  Maurice (D:10)
  2 gargoyles
  2 spiny frogs (Lair:1)
  2 komodo dragons (D:10)
  A minotaur skeleton (Lab)
  2 redbacks (Lab)
  Sigmund (D:6)
  2 shadows (Lab)
  9 spriggans
  12 yaks (D:10)
  Eustachio (D:4)
  A wyvern (D:10)
  A black mamba skeleton (Abyss:2)
  2 hippogriffs
  A porcupine (Lair:2)
  4 ice beasts
  3 orc warriors
  A wasp (D:8)
  2 phantoms (D:9)
  7 ogres
  A necrophage (D:7)
  4 centaurs
  A crocodile (Lair:1)
  A big kobold (D:10)
  6 giant frogs
  A water moccasin zombie (D:6)
  3 scorpions
  5 killer bees (D:8)
  4 wights (D:9)
  3 howler monkeys (D:9)
  2 giant frog zombies (D:8)
  2 crimson imps
  A lava snake (Lair:1)
  3 orc priests
  4 hounds
  2 jellies
  5 orc wizards
  3 iguanas
  9 worker ants
  4 gnolls
  16 adders
  5 river rats (Lair:1)
  3 shadow imps
  An ooze (D:2)
  An adder zombie (D:7)
  An adder skeleton (D:6)
  4 worms
  2 dart slugs (D:1)
  6 giant geckos
  26 orcs
  4 giant cockroaches
  5 hobgoblins
  2 jackals (D:4)
  3 quokkas
  3 bats
  A giant gecko zombie (D:5)
  5 giant newts
  4 goblins
  7 kobolds
  5 rats
  2 plants (Lab)
234 creatures vanquished.

Vanquished Creatures (others)
  2 plants
2 creatures vanquished.

Grand Total: 236 creatures vanquished

Notes
Turn   | Place    | Note
--------------------------------------------------------------
     0 | D:1      | Lugonue the Minotaur Gladiator began the quest for the Orb.
     0 | D:1      | Reached XP level 1. HP: 18/18 MP: 0/0
   183 | D:1      | Reached XP level 2. HP: 25/25 MP: 1/1
   578 | D:1      | Reached skill level 1 in Armour
   713 | D:2      | Found a hazy altar of Hepliaklqana.
   785 | D:2      | Found a shattered altar of Ashenzari.
   800 | D:2      | Found an oddly glowing altar of Pakellas.
   832 | D:2      | Reached XP level 3. HP: 30/30 MP: 2/2
  1557 | D:3      | Reached skill level 5 in Axes
  1859 | D:3      | Reached skill level 2 in Armour
  1859 | D:3      | Reached XP level 4. HP: 38/38 MP: 3/3
  1890 | D:3      | Found a bloodstained altar of Trog.
  2054 | D:3      | Found an opulent altar of Gozag.
  2334 | D:3      | Found a shimmering altar of Xom.
  2334 | D:3      | Found a shimmering altar of Xom.
  2334 | D:3      | Found a shimmering altar of Xom.
  2334 | D:3      | Found a shimmering altar of Xom.
  2345 | D:3      | Found a shimmering altar of Xom.
  2779 | D:4      | Reached XP level 5. HP: 43/45 MP: 4/4
  2798 | D:4      | Found a burning altar of Makhleb.
  2810 | D:4      | Reached skill level 3 in Armour
  2915 | D:4      | Found a sparkling altar of Nemelex Xobeh.
  2919 | D:5      | Entered Level 5 of the Dungeon
  2922 | D:5      | Found a shadowy altar of Dithmenos.
  2955 | D:5      | Noticed an ogre
  2966 | D:5      | Killed an ogre
  2966 | D:5      | Reached skill level 4 in Armour
  2966 | D:5      | Reached XP level 6. HP: 32/52 MP: 5/5
  3089 | D:5      | Noticed an ice beast
  3108 | D:5      | Killed an ice beast
  3120 | D:5      | Noticed Sl000nik's ghost (novice GrFi)
  3590 | D:6      | Noticed Sigmund
  3595 | D:6      | Gained mutation: Armour fits poorly on your strangely shaped body. [potion of mutation]
  3595 | D:6      | Gained mutation: Scrolls take you a little longer to read. [potion of mutation]
  3595 | D:6      | Gained mutation: Your mind is acute. (Int +2) [potion of mutation]
  3606 | D:6      | Killed Sigmund
  3606 | D:6      | Reached skill level 5 in Armour
  3606 | D:6      | Reached XP level 7. HP: 30/60 MP: 6/6
  3652 | D:6      | Lost mutation: Armour fits poorly on your strangely shaped body. [potion of cure mutation]
  3652 | D:6      | Lost mutation: Your mind is acute. (Int +2) [potion of cure mutation]
  3652 | D:6      | Lost mutation: Scrolls take you a little longer to read. [potion of cure mutation]
  3775 | D:6      | Reached skill level 5 in Fighting
  3787 | D:6      | Got a pitted chain mail
  3799 | D:6      | Identified the cursed +1 chain mail "Bafaustru" {rElec Regen+ Dex-4} (You found it on level 6 of the Dungeon)
  3813 | D:6      | Reached skill level 6 in Armour
  3891 | D:6      | Found a glowing golden altar of the Shining One.
  3935 | D:6      | Reached skill level 7 in Armour
  3947 | D:6      | Reached skill level 8 in Armour
  3951 | D:6      | Reached XP level 8. HP: 36/68 MP: 7/7
  4041 | D:6      | You fall through a shaft for 3 floors!
  4043 | D:9      | Reached skill level 9 in Armour
  4128 | D:9      | Reached skill level 10 in Armour
  4268 | D:9      | Reached skill level 11 in Armour
  4288 | D:9      | Reached XP level 9. HP: 37/74 MP: 8/8
  4417 | D:6      | Got a steaming chain mail
  4430 | D:6      | Identified the +4 chain mail of Xuduumeh {Int+5 Dex+3} (You found it on level 6 of the Dungeon)
  4458 | D:6      | Identified a scroll of acquirement
  4866 | D:7      | Reached skill level 12 in Armour
  5303 | D:8      | Found a sacrificial altar of Ru.
  5575 | D:8      | Reached skill level 13 in Armour
  5638 | D:8      | Found a blossoming altar of Fedhas.
  5661 | D:8      | Noticed an oklob plant
  6069 | D:9      | Reached XP level 10. HP: 62/85 MP: 9/9
  6482 | D:9      | Reached skill level 10 in Axes
  6758 | D:10     | Entered Level 10 of the Dungeon
  6758 | D:10     | Noticed Maurice
  7738 | D:4      | Noticed Eustachio
  7749 | D:4      | Killed Eustachio
  7834 | D:4      | Found a staircase to the Ecumenical Temple.
  7843 | Temple   | Entered the Ecumenical Temple
  7885 | Temple   | Became a worshipper of Warmaster Okawaru
  8005 | D:9      | Noticed a hill giant
  8023 | D:9      | Killed a hill giant
  8281 | D:10     | Killed Maurice
  8290 | D:10     | Reached * piety under Okawaru
  8421 | D:10     | Reached skill level 14 in Armour
  8428 | D:10     | Reached ** piety under Okawaru
  8428 | D:10     | Reached XP level 11. HP: 17/95 MP: 10/10
  8849 | D:10     | Noticed a hill giant
  8858 | D:10     | Killed a hill giant
  8882 | D:10     | Noticed Erolcha
  9308 | D:10     | Reached *** piety under Okawaru
  9410 | D:10     | Killed Erolcha
  9577 | D:10     | Found a staircase to the Lair.
  9602 | Lair:1   | Entered Level 1 of the Lair of Beasts
  9772 | Lair:1   | Reached **** piety under Okawaru
  9772 | Lair:1   | Reached skill level 1 in Bows
 10335 | Lair:2   | Found a labyrinth entrance.
 10345 | Lab      | Entered a labyrinth
 10414 | Lab      | Gained mutation: You are clumsy. (Dex -2) [potion of mutation]
 10414 | Lab      | Gained mutation: You have large cloven feet. [potion of mutation]
 10415 | Lab      | Gained mutation: You expend magic power (3 MP) to strengthen your wands. [potion of mutation]
 10415 | Lab      | Gained mutation: You have hoof-like feet. [potion of mutation]
 10415 | Lab      | Lost mutation: You are clumsy. (Dex -2) [potion of mutation]
 10416 | Lab      | Lost mutation: You have hoof-like feet. [potion of cure mutation]
 10416 | Lab      | Lost mutation: You expend magic power (3 MP) to strengthen your wands. [potion of cure mutation]
 10416 | Lab      | Lost mutation: You have large cloven feet. [potion of cure mutation]
 10428 | Lab      | Found an exit through the horrors of the Abyss.
 11523 | Lab      | Noticed an unseen horror
 11538 | Lab      | Killed an unseen horror
 11632 | Lab      | Noticed an unseen horror
 11645 | Lab      | Killed an unseen horror
 12379 | Lab      | Found an exit through the horrors of the Abyss.
 12384 | Lab      | Took an exit into the Abyss.
 12384 | Abyss:1  | Escaped into the Abyss
 12433 | Abyss:2  | Noticed a large abomination
 12453 | Abyss:2  | Killed a large abomination
 12453 | Abyss:2  | Reached ***** piety under Okawaru
 12453 | Abyss:2  | Reached skill level 10 in Fighting
 12507 | Abyss:2  | Reached skill level 5 in Dodging
 12508 | Abyss:2  | Noticed a bone dragon
 12520 | Abyss:2  | Noticed a large abomination
 12521 | Abyss:2  | Noticed a shadow wraith
 12549 | Abyss:2  | HP: 3/99 [large abomination (23)]
 12550 | Abyss:3  | Noticed a tentacled starspawn
 12550 | Abyss:3  | Noticed a starcursed mass
 12550 | Abyss:3  | Noticed a wretched star
 12550 | Abyss:3  | Noticed a tentacled starspawn
 12551 | Abyss:3  | Quit the game

Vault maps used:
D:1:      grunt_arrival_crossed_arrows
D:2:      grunt_pakellas_basics, ashenzari_altar_1, overflow_temple_1_default,
          lemuel_coloured_pillars_altar, first_bread,
          hangedman_decor_clover_reticule
D:3:      xom_redecorated, nicolae_gozag_seed_capital, overflow_temple_1_default
D:4:      old_standard_altar, nemelex_xobeh_ov_fountains_minmay,
          minmay_temple_entry_poolview, uniq_eustachio
D:5:      nicolae_overflow_crystal_walls, kennysheep_generic_room_6
D:6:      marbit_many_paths, uniq_sigmund
D:7:      the_bakery
D:8:      tgw_fedhas, nicolae_ru_awakened_eye
D:9:      forest_paths
D:10:     david_lair_shrubbed, uniq_erolcha, uniq_maurice
Temple:   corrupted_temple
Lair:2:   beast_lair_carwin_large_1, lab_entry_generic
Abyss:3:  evilmike_abyss_exit_15, nicolae_abyss_rune_star_stuff
Lab:      nicolae_lab_plus, nicolae_lab_big_swirl, nicolae_lab_garden,
          labyrinth_fake_exit, nicolae_lab_checkerboard,
          labyrinth_skeletal_remains

Skill      XL: |  1  2  3  4  5  6  7  8  9 10 11 |
---------------+----------------------------------+-----
Axes           | 4 5 6 8 11 13 | 13.7
Armour         | 1 2 4 5 8 11 13 14 | 14.6
Fighting       | 3 4 5 7 8 10 | 10.0
Dodging        | 5 |  5.0
Bows           | 1 |  1.6
Throwing       | |  2.0

Action                   |  1- 3 |  4- 6 |  7- 9 | 10-12 || total
-------------------------+-------+-------+-------+-------++-------
Melee: War axe           |    48 |    85 |   291 |   369 ||   793
       Headbutt          |     7 |    16 |    55 |   109 ||   187
       Punch             |       |       |       |     1 ||     1
 Fire: Longbow           |       |       |    16 |    27 ||    43
Throw: Throwing net      |       |     5 |       |       ||     5
Invok: Heroism           |       |       |       |     2 ||     2
Evoke: Wand              |       |       |       |     5 ||     5
  Use: Scroll            |     4 |     5 |     6 |    11 ||    26
       Potion            |       |     4 |     8 |     5 ||    17
 Stab: Sleeping          |       |       |     2 |       ||     2
  Eat: Bread ration      |     1 |     2 |       |       ||     3
       Pizza             |       |     2 |       |       ||     2
       Chunk             |       |       |     3 |     4 ||     7
       Meat ration       |       |       |       |     3 ||     3
       Royal jelly       |       |       |       |     1 ||     1
       Fruit             |       |       |       |     1 ||     1
Armor: Ring mail         |    15 |    35 |     3 |       ||    53
       Leather armour    |     1 |       |       |       ||     1
       Chain mail        |       |       |   165 |   173 ||   338
Dodge: Dodged            |    37 |    51 |   144 |   167 ||   399
